 Dungeon Crawl Stone Soup version 0.31.0-11-ge490571c62 (webtiles) character file.

Game seed: 2048541462119512768

4837 firemarshallily the Cleaver (level 10, 0/96 HPs)
             Began as a Hill Orc Fighter on Feb 5, 2024.
             Was a Believer of Makhleb.
             Slain by a hellwing (9 damage)
             ... on level 7 of the Dungeon.
             The game lasted 00:19:53 (5989 turns).

firemarshallily the Cleaver (Hill Orc Fighter)      Turns: 5989, Time: 00:19:54

Health: 0/96       AC: 10    Str: 24    XL:     10   Next: 49%
Magic:  13/13      EV: 14    Int:  8    God:    Makhleb [**....]
Gold:   387        SH:  5    Dex: 10    Spells: 9/9 levels left

rFire   . . .        a - +1 war axe
rCold   . . .        c - +0 buckler
rNeg    . . .        b - +0 scale mail
rPois   .            z - +0 helmet
rElec   .            (no cloak)
rCorr   .            (no gloves)
SInv    .            p - +0 pair of boots
Will    +....        (no amulet) Stlth
                     e - ring of willpower
HPRegen 0.36/turn    t - +5 ring of evasion
MPRegen 0.13/turn

%: no passive effects
@: mighty, attractive
A: no striking features
a: Renounce Religion, Minor Destruction


You were on level 7 of the Dungeon.
You worshipped Makhleb.
Makhleb was pleased with you.
You visited 2 branches of the dungeon, and saw 9 of its levels.

You collected 387 gold pieces.

Inventory:

Hand Weapons
 a - a +1 war axe (weapon)
Missiles
 u - 22 poisoned darts (quivered)
 A - 3 boomerangs
Armour
 b - a +0 scale mail (worn)
 c - a +0 buckler (worn)
 p - a +0 pair of boots (worn)
 y - a +0 plate armour
 z - a +0 helmet (worn)
Jewellery
 e - a ring of willpower (left hand)
 s - a ring of wizardry
 t - a +5 ring of evasion (right hand)
 w - an amulet of faith
Wands
 l - a wand of charming (23)
 x - a wand of flame (4)
Scrolls
 f - a scroll of vulnerability
 i - a scroll of teleportation
 q - 3 scrolls of fear
 v - 2 scrolls of immolation
 B - a scroll of poison
 C - a scroll of amnesia {unknown}
Potions
 g - 2 potions of berserk rage
 h - 2 potions of mutation
 k - a potion of invisibility
 m - 3 potions of lignification
 n - a potion of enlightenment
 o - 2 potions of haste {unknown}
 r - a potion of attraction
 D - a potion of resistance {unknown}


   Skills:
 * Level 11.3 Fighting
 * Level 11.9 Axes
 + Level 7.4 Armour
 - Level 5.5 Shields
 - Level 5.0 Invocations


You had 9 spell levels left.
You didn't know any spells.
Your spell library contained the following spells:

 Spells                   Type           Power      Damage    Failure   Level
 Cigotuvi's Dreadful Rot  Necr/Alch/Air  0%         N/A       86%         2
 Lesser Beckoning         Tloc           0%         N/A       86%         2
 Mercury Vapours          Alch/Air       0%         N/A       86%         2
 Gell's Gravitas          Tloc           0%         N/A       98%         3
 Mephitic Cloud           Conj/Alch/Air  0%         N/A       98%         3
 Teleport Other           Tloc           0%         N/A       98%         3
 Ignite Poison            Fire/Alch      0%         N/A       100%        4
 Freezing Cloud           Conj/Ice/Air   0%         6-21      100%        5


Dungeon Overview and Level Annotations

Branches:
Dungeon (8/15)             Temple (1/1) D:5
   Lair: D:8-11

Altars:
Ashenzari
Cheibriados
Dithmenos
Elyvilon
Fedhas
Gozag
Hepliaklqana
Kikubaaqudgha
Makhleb
Nemelex Xobeh
Okawaru
Qazlal
Ru
Sif Muna
Trog
Uskayaw
Wu Jian
Xom
Yredelemnul
Zin
The Shining One

Shops:
D:5 (

Annotations:
D:7 Menkaure


Message History

The centaur warrior zombie closely misses you.
You slash the centaur warrior skeleton!
You destroy the centaur warrior skeleton!
Makhleb accepts your kill.
You hit the hellwing. You slash the centaur warrior zombie!
The hellwing hits you but does no damage.
The hellwing hits you.
* * * LOW HITPOINT WARNING * * *
The centaur warrior zombie hits you.
* * * LOW HITPOINT WARNING * * *
The centaur warrior zombie kicks you but does no damage.
You slash the centaur warrior zombie!
The centaur warrior zombie is almost destroyed.
You hit the hellwing. The hellwing closely misses you. The hellwing hits you.
* * * LOW HITPOINT WARNING * * *
The centaur warrior zombie hits you but does no damage.
The centaur warrior zombie kicks you but does no damage.
Unknown command.
You feel better.
The centaur warrior zombie hits you but does no damage.
The centaur warrior zombie barely misses you.
The hellwing hits you!
* * * LOW HITPOINT WARNING * * *
The hellwing barely misses you.
You slash the centaur warrior zombie!
The centaur warrior zombie is almost destroyed.
You hit the hellwing but do no damage.
The centaur warrior zombie barely misses you. x2
The hellwing hits you but does no damage. x2
The centaur warrior zombie hits you.
* * * LOW HITPOINT WARNING * * *
The centaur warrior zombie kicks you.
* * * LOW HITPOINT WARNING * * *
Press: ? - help, v - describe, . - travel
Here: a hellwing (severely wounded)
The floor.
It was a potion of attraction.
You feel attractive to monsters. The hellwing hits you!
You die...

$.PP........#######...
.......................
..8....................
....8.......)..........
.......................
.....P....<............
.8.8...................
......Z..########......
.......@.# ......
........4+ ......
.........# +#
.........# ..........
........... ...........
##+######...


You could see a hellwing and a centaur warrior zombie.

Vanquished Creatures
  A two-headed ogre (D:8)
  Pikel (D:8)
  4 centaur skeletons (D:7)
  Sigmund (D:3)
  Edmund (D:4)
  4 black bears
  2 ogres (D:5)
  3 phantoms (D:5)
  A kobold brigand (D:8)
  A bullfrog (D:8)
  2 scorpions
  2 gnoll sergeants
  3 wights
  3 bombardier beetles
  4 jellies
  2 orc priests (D:8)
  6 hounds
  A boggart zombie (D:7)
  A sleepcap (D:6)
  Jessica (D:3)
  4 iguanas
  Natasha (thrice) (D:3)
  3 orc wizards
  Terence (D:3)
  A hound skeleton (D:2)
  10 gnolls
  3 adders
  6 shadow imps (D:7)
  5 white imps
  4 ufetubi
  2 ribbon worms
  A dart slug (D:4)
  11 orcs
  A bat skeleton (D:2)
  A bat zombie (D:2)
  An endoplasm (D:4)
  4 giant cockroaches
  8 goblins
  4 hobgoblins
  8 jackals
  2 quokkas (D:3)
  5 ball pythons
  A ball python skeleton (D:2)
  2 bats
  2 frilled lizards (D:1)
  A jackal skeleton (D:2)
  11 kobolds
  A quokka skeleton (D:2)
  5 rats
155 creatures vanquished.

Notes
Turn   | Place    | Note
-------+----------+-------------------------------------------
     0 | D:1      | firemarshallily the Hill Orc Fighter began the quest for
                  | the Orb.
     0 | D:1      | Reached XP level 1. HP: 19/19 MP: 1/1
   239 | D:1      | Reached XP level 2. HP: 27/27 MP: 2/2
   854 | D:2      | Reached XP level 3. HP: 31/33 MP: 3/3
  1063 | D:2      | Noticed a black bear
  1076 | D:2      | Killed a black bear
  1077 | D:2      | Reached skill level 5 in Fighting
  1077 | D:2      | Reached XP level 4. HP: 23/42 MP: 4/4
  1077 | D:2      | Reached XP level 5. HP: 26/48 MP: 5/5
  1180 | D:2      | Found a faded altar of an unknown god.
  1574 | D:3      | Noticed Natasha
  1579 | D:3      | Killed Natasha
  1673 | D:3      | Noticed Jessica
  1676 | D:3      | Noticed Natasha
  1696 | D:3      | Killed Natasha
  1706 | D:3      | Killed Jessica
  1707 | D:3      | Reached skill level 5 in Axes
  1707 | D:3      | Reached XP level 6. HP: 50/56 MP: 6/6
  1707 | D:3      | Noticed Natasha
  1717 | D:3      | Killed Natasha
  1945 | D:3      | Noticed Sigmund
  1962 | D:3      | Killed Sigmund
  2124 | D:3      | Noticed Terence
  2133 | D:3      | Killed Terence
  2134 | D:3      | Reached XP level 7. HP: 51/63 MP: 7/7
  2762 | D:4      | Noticed Edmund
  2780 | D:4      | Killed Edmund
  3367 | D:5      | Entered Level 5 of the Dungeon
  3367 | D:5      | Found Bygirph's Antique Weapon Emporium.
  3405 | D:5      | Found a staircase to the Ecumenical Temple.
  3421 | D:5      | Reached skill level 5 in Armour
  3421 | D:5      | Reached skill level 5 in Shields
  3421 | D:5      | Reached XP level 8. HP: 51/73 MP: 8/8
  3497 | Temple   | Entered the Ecumenical Temple
  3536 | Temple   | Became a worshipper of Makhleb the Destroyer
  3626 | D:5      | Found a stormy altar of Qazlal.
  4547 | D:6      | Reached skill level 1 in Invocations
  4547 | D:6      | Reached XP level 9. HP: 66/82 MP: 9/9
  4623 | D:6      | You fall into a shaft and drop 2 floors!
  4657 | D:8      | Noticed a two-headed ogre
  4755 | D:7      | Noticed Menkaure
  4828 | D:8      | Killed a two-headed ogre
  4834 | D:8      | Reached skill level 10 in Axes
  4834 | D:8      | Reached * piety under Makhleb
  4842 | D:8      | Noticed Pikel
  4853 | D:8      | Killed Pikel
  4854 | D:8      | Reached skill level 10 in Fighting
  5421 | D:6      | Reached XP level 10. HP: 92/94 MP: 13/13
  5940 | D:7      | Reached ** piety under Makhleb
  5983 | D:7      | Reached skill level 5 in Invocations
  5989 | D:7      | Slain by a hellwing

Illustrated notes

Levels and vault maps discovered:
D:1:      tarquinn_simple_flora_water_b, layout_loops_ring
D:2:      layout_loops_ring, serial_undead, serial_undead_b, serial_undead_f,
          serial_undead_f, serial_undead_d,
          shapermc_ecumenical_altar_mp_urbaneastern, minmay_octomino_e4
D:3:      layout_basic, kennysheep_generic_room_15, uniq_terence, uniq_sigmund,
          uniq_jessica, uniq_natasha
D:4:      layout_gridville, kennysheep_generic_room_13, uniq_edmund
D:5:      layout_basic, mainiacjoe_overflow_boulevard,
          minmay_temple_entry_steel_oval, serial_shops, shop
D:6:      minmay_recursive_quarters, layout_rooms
D:7:      cheibrodos_grave_circle, layout_gridville, uniq_maurice, uniq_menkaure
D:8:      layout_rooms, chequers_serial_rivers_room_a, uniq_pikel
Temple:   mainiacjoe_temple_big_plus

Skill      XL: |  1  2  3  4  5  6  7  8  9 10 |
---------------+-------------------------------+-----
Axes           | 3 4 5 7 8 10 11 | 11.9
Fighting       | 4 5 6 7 8 10 11 | 11.3
Armour         | 4 5 6 7 |  7.4
Shields        | 4 5 |  5.5
Invocations    | 1 4 5 |  5.0

Action                     |  1- 3 |  4- 6 |  7- 9 | 10-12 || total
---------------------------+-------+-------+-------+-------++-------
  Melee: War axe           |    82 |    91 |   292 |    95 ||   560
  Throw: Dart              |       |       |     2 |     4 ||     6
    Use: Potion            |       |     2 |     2 |     3 ||     7
         Scroll            |       |       |    11 |     4 ||    15
 Armour: Scale mail        |    73 |    69 |   167 |   110 ||   419
  Dodge: Dodged            |    44 |    50 |   199 |   108 ||   401
  Block: Buckler           |    31 |    26 |    67 |    49 ||   173
